 Dungeon Crawl Stone Soup version 0.23.0 (webtiles) character file.

Game seed: 16298485906592892592

381190 Monsterracer the Evocator (level 21, -1/204 HPs)
             Began as a Deep Dwarf Fire Elementalist on Feb 16, 2019.
             Was the Champion of Makhleb.
             Slain by a spark wasp (15 damage)
             ... on level 3 of the Depths.
             The game lasted 01:33:07 (42389 turns).

Monsterracer the Evocator (DDFE)                   Turns: 42389, Time: 01:33:09

Health: -1/204     AC: 28    Str: 26    XL:     21   Next: 90%
Magic:  23/23      EV:  9    Int: 11    God:    Makhleb [******]
Gold:   857        SH: 21    Dex: 13    Spells: 23/24 levels left

rFire    + + .     SeeInvis .   a - +9 broad axe (freeze)
rCold    + + .     Gourm    +   M - +0 large shield
rNeg     + + .     Faith    .   P - +2 plate armour {rF+}
rPois    +         Spirit   .   S - -2 hat of the Alchemist {rElec rPois rF+ rC+ rN+ MR+ rMut rCorr}
rElec    +         Reflect  .   i - +2 cloak
rCorr    +         Harm     .   K - +2 pair of gloves {Str+3}
rMut     +                      Z - +2 pair of boots
MR       +++++                  N - amulet of Leaves {Gourm +Fly rPois}
Stlth    ..........             D - ring "Fal Uminoabu" {rElec rC+ MR+ Int-4 Stlth-}
HPRegen  0.00/turn              o - ring of resist corrosion
MPRegen  0.18/turn

@: very slightly contaminated, non-regenerating, lightly drained
A: damage resistance, heal wounds, negative energy resistance 1, sense
surroundings 3, no regeneration
}: 2/15 runes: barnacled, gossamer
a: Heal Wounds, Minor Destruction, Lesser Servant of Makhleb, Major Destruction,
Greater Servant of Makhleb, Renounce Religion, Evoke Flight


You were on level 3 of the Depths.
You worshipped Makhleb.
Makhleb was exalted by your worship.
You were not hungry.

You visited 7 branches of the dungeon, and saw 39 of its levels.
You visited the Abyss 1 time.
You visited 1 bazaar.
You also visited: Gauntlet and Volcano.

You collected 4184 gold pieces.
You spent 3327 gold pieces at shops.

Inventory:

Hand Weapons
 a - a +9 broad axe of freezing (weapon)
Missiles
 I - 3 throwing nets (quivered) {!f}
Armour
 i - a +2 cloak (worn)
 K - a +2 pair of gloves of strength (worn)
 M - a +0 large shield (worn)
 P - a +2 plate armour of fire resistance (worn)
 S - the -2 hat of the Alchemist (worn) {rElec rPois rF+ rC+ rN+ MR+ rMut rCorr}
   (You found it on level 1 of the Depths)

   It protects you from fire.
   It protects you from cold.
   It insulates you from electricity.
   It protects you from poison.
   It protects you from negative energy.
   It affects your resistance to hostile enchantments.
   It provides partial protection from all sources of acid and corrosion.
   It protects you from mutation.
 Z - a +2 pair of boots (worn)
Jewellery
 o - a ring of resist corrosion (right hand)
 C - an uncursed ring of protection from cold {!d}
 D - the ring "Fal Uminoabu" (left hand) {rElec rC+ MR+ Int-4 Stlth-}
   (You found it on level 1 of the Lair of Beasts)

   [ring of attention]

   It affects your intelligence (-4).
   It protects you from cold.
   It insulates you from electricity.
   It affects your resistance to hostile enchantments.
   It makes you less stealthy.
 H - an uncursed ring of protection from fire {!d}
 L - an uncursed ring of flight
 N - the amulet of Leaves (around neck) {Gourm +Fly rPois}
   (You found it on level 4 of the Shoals)

   [amulet of the gourmand]

   It allows you to eat raw meat even when not hungry.
   It protects you from poison.
   It lets you fly.
Wands
 p - a wand of clouds (4)
 u - a wand of digging (23)
 w - a wand of acid (38)
 z - a wand of disintegration (18)
 B - a wand of iceblast (30)
 E - a wand of scattershot (6)
 J - a wand of enslavement (9)
 O - a wand of paralysis (36)
 Y - a wand of polymorph (23)
Scrolls
 f - 11 scrolls of identify
 l - 5 scrolls of enchant armour
 m - 10 scrolls of magic mapping
 r - 15 scrolls of remove curse
 t - 14 scrolls of teleportation {!r}
 A - 6 scrolls of fog
 Q - 4 scrolls of silence
 R - a scroll of holy word
 T - 4 scrolls of fear {!r}
 X - 5 scrolls of blinking
Potions
 b - 3 potions of invisibility
 d - 5 potions of heal wounds
 e - 4 potions of curing
 g - 6 potions of haste
 h - 9 potions of ambrosia {!q}
 j - 4 potions of resistance
 k - 3 potions of agility
 n - 6 potions of lignification
 s - 4 potions of mutation {!q}
 v - 8 potions of might
 x - 4 potions of flight
 G - a potion of berserk rage {!q}
 U - 7 potions of cancellation
 W - 2 potions of brilliance
Miscellaneous
 q - a fan of gales
 y - a box of beasts
 F - a lamp of fire
Comestibles
 c - 59 rations


   Skills:
 - Level 15.7 Fighting
 - Level 16.3(17.9) Axes
   Level 12.5(15.3) Maces & Flails
 - Level 16.5(16.4) Armour
 - Level 7.0(6.9) Dodging
 - Level 2.4(2.3) Stealth
 - Level 15.1(15.0) Shields
 - Level 2.4(2.3) Spellcasting
   Level 3.8(3.7) Conjurations
   Level 3.7(3.6) Fire Magic
 - Level 16.0(15.9) Invocations
 + Level 21.4 Evocations


You had 23 spell levels left.
You knew the following spells:

 Your Spells              Type           Power        Failure   Level  Hunger
z - Apportation           Tloc           #.....       99%         1    ##.....

Your spell library contained the following spells:

 Spells                   Type           Power        Failure   Level  Hunger
 Flame Tongue             Conj/Fire      #....        80%         1    ##.....
 Throw Flame              Conj/Fire      #.....       91%         2    ###....
 Sting                    Conj/Pois      #...         96%         1    ##.....
 Animate Skeleton         Necr           N/A          99%         1    ##.....
 Beastly Appendage        Tmut           #.....       99%         1    ##.....
 Confusing Touch          Hex            #.....       99%         1    ##.....
 Infusion                 Chrm           #...         99%         1    ##.....
 Pain                     Necr           #...         99%         1    ##.....
 Summon Butterflies       Summ           #.......     99%         1    ##.....
 Summon Small Mammal      Summ           #...         99%         1    ##.....
 Conjure Flame            Conj/Fire      #.......     99%         3    ####...
 Corpse Rot               Necr           N/A          100%        2    ###....
 Ensorcelled Hibernation  Hex/Ice        #.....       100%        2    ###....
 Poisonous Vapours        Pois/Air       #.....       100%        2    ###....
 Song of Slaying          Chrm           #.......     100%        2    ###....
 Sticks to Snakes         Tmut           #.......     100%        2    ###....
 Inner Flame              Hex/Fire       #.......     100%        3    ####...
 Mephitic Cloud           Conj/Pois/Air  #.......     100%        3    ####...
 Ozocubu's Armour         Chrm/Ice       #.......     100%        3    ####...
 Recall                   Summ/Tloc      N/A          100%        3    ####...
 Spider Form              Tmut/Pois      #.........   100%        3    ####...
 Stone Arrow              Conj/Erth      #.....       100%        3    ####...
 Animate Dead             Necr           N/A          100%        4    #####..
 Ice Form                 Ice/Tmut       #.......     100%        4    #####..
 Leda's Liquefaction      Hex/Erth       #.........   100%        4    #####..
 Olgreb's Toxic Radiance  Pois           #.......     100%        4    #####..
 Sticky Flame             Conj/Fire      #.......     100%        4    #####..
 Blade Hands              Tmut           #.........   100%        5    ######.
 Bolt of Magma            Conj/Fire/Erth #.........   100%        5    ######.
 Borgnjor's Vile Clutch   Necr/Erth      #.........   100%        5    ######.
 Fireball                 Conj/Fire      #.........   100%        5    ######.
 Iskenderun's Battlesphe  Conj/Chrm      #.......     100%        5    ######.
 Silence                  Hex/Air        #.........   100%        5    ######.
 Summon Forest            Summ/Tloc      #.........   100%        5    ######.
 Venom Bolt               Conj/Pois      #.........   100%        5    ######.
 Darkness                 Hex            #.........   100%        6    #######
 Death Channel            Necr           #.........   100%        6    #######
 Hydra Form               Tmut           #.........   100%        6    #######
 Iron Shot                Conj/Erth      #.........   100%        6    #######
 Shadow Creatures         Summ           N/A          100%        6    #######
 Simulacrum               Ice/Necr       #.........   100%        6    #######
 Orb of Destruction       Conj           #.........   100%        7    #######
 Spellforged Servitor     Conj/Summ      #.........   100%        7    #######
 Summon Hydra             Summ           #.........   100%        7    #######
 Regeneration             Chrm/Necr      Unusable     N/A         3    N/A

Dungeon Overview and Level Annotations

Branches:
Dungeon (15/15)            Temple (0/1) D:6            Lair (6/6) D:11
 Shoals (4/4) Lair:3       Spider (4/4) Lair:2        Slime (0/5) Lair:5
    Orc (2/2) D:10            Elf (0/3) Orc:2        Vaults (5/5) D:13
  Crypt (0/3) Vaults:2     Depths (3/5) D:15

Altars:
Ashenzari
Cheibriados
Elyvilon
Gozag
Makhleb
Nemelex Xobeh
Okawaru
Qazlal
Ru
Sif Muna
Trog
Wu Jian
Xom
Zin
Beogh
Jiyva

Shops:
D:4 *   Orc:2 [(?[   Shoals:2 [   Vaults:4 !

Portals:
Hell: Depths:1 Depths:2
Abyss: Depths:2

Annotations:
Lair:3 3 runed translucent doors, soark's ghost, journeyman SpEn
Lair:5 exclusion: 5 oklob plants
Shoals:4 1 runed translucent door, Arum's ghost, adept FoFi
Depths:2 1 runed translucent door, Monsterracer's ghost, veteran HOCK


Innate Abilities, Weirdness & Mutations

You are resistant to damage.
You can heal yourself by infusing magical energy.
You resist negative energy. (rN+)
You passively map a large area around you.
You do not regenerate.


Message History

* * * LOW HITPOINT WARNING * * *
The ettin hits you but does no damage. You block the ettin's attack.
There is a stone staircase leading up, spattered with blood here.
You take 8 damage, and have 101/204 hp.
You slash the ettin! You freeze the ettin.
The ettin is moderately wounded.
You slash the deep troll shaman! You freeze the deep troll shaman.
You block the deep troll shaman's attack.
The deep troll shaman claws you but does no damage.
You block the deep troll shaman's attack.
The vampire knight mumbles some strange words.
The vampire knight seems to speed up.
You slash the ettin! You freeze the ettin.
The ettin is heavily wounded.
You slice the deep troll shaman!! You freeze the deep troll shaman.
You block the ettin's attack.
The ettin hits you with a +1 dire flail of protection!!!
* * * LOW HITPOINT WARNING * * *
The deep troll shaman utters an invocation to its god.
The deep troll shaman is healed somewhat.
You take 35 damage, and have 66/204 hp.
Unknown command.
You hit the ettin. You freeze the ettin.
The ettin is heavily wounded.
You slash the deep troll shaman! You freeze the deep troll shaman!
You block the ettin's attack. x2; The deep troll shaman bites you!
* * * LOW HITPOINT WARNING * * *
You block the deep troll shaman's attack.
The deep troll shaman claws you.
You take 3 damage, and have 63/204 hp.
Unknown command.
You slash the ettin! You freeze the ettin.
The ettin is severely wounded.
You slash the deep troll shaman! You freeze the deep troll shaman.
You kill the deep troll shaman!
Makhleb accepts your kill.
You feel better.
You hit the vampire knight. You block the vampire knight's attack.
The vampire knight bites you!
* * * LOW HITPOINT WARNING * * *
The vampire knight draws strength from your injuries!
The frost giant points at you and mumbles some strange words.
The bolt of cold hits the vampire knight!
The vampire knight resists.
The bolt of cold hits you! You resist.
* * * LOW HITPOINT WARNING * * *
The ettin barely misses you. You block the ettin's attack.
You take 2 damage, and have 61/204 hp.
Your shield and plate armour prevent you from hitting the ettin.
The ettin is severely wounded.
You hit the vampire knight but do no damage.
You block the vampire knight's attack. x2
Unknown command.
Unknown command.
You hit the ettin. You freeze the ettin.
The ettin is severely wounded.
You hit the vampire knight.
The vampire knight hits you but does no damage.
You partially resist.
You feel drained.
The vampire knight bites you but does no damage.
You block the ettin's attack. x2
You slash the ettin! You freeze the ettin.
The ettin is severely wounded.
You hit the vampire knight.
You block the vampire knight's attack. x2
The frost giant casts a spell at you.
The bolt of cold hits the vampire knight.
The vampire knight resists.
The bolt of cold hits you! You resist.
* * * LOW HITPOINT WARNING * * *
The ettin hits you but does no damage.
The ettin hits you with a +1 dire flail of protection!
* * * LOW HITPOINT WARNING * * *
You block the vampire knight's attack. The vampire knight bites you.
* * * LOW HITPOINT WARNING * * *
You take 13 damage, and have 48/204 hp.
Unknown command.
You hit the ettin. You freeze the ettin.
The ettin is severely wounded.
You barely miss the vampire knight.
You block the vampire knight's attack. x2
You hit the ettin. You freeze the ettin.
The ettin is almost dead.
You slash the frost giant! You freeze the frost giant.
You hit the vampire knight but do no damage.
You block the ettin's attack.
The ettin hits you with a +1 dire flail of protection!!!
* * * LOW HITPOINT WARNING * * *
You block the vampire knight's attack. x2; You block the frost giant's attack.
You take 31 damage, and have 17/204 hp.
Unknown command.
Blink to where?
Press: ? - help, Dir - move target cursor Really blink into that teleport trap?
You enter a teleport trap!
The teleport trap disappears.
Your surroundings suddenly seem different.
You are very lightly contaminated with residual magic.
As you read the scroll of blinking, it crumbles to dust. 2 spark wasps come into view.
The spark wasp buzzes angrily.
The spark wasp bursts into living lightning!
The living lightning hits you. You resist.
* * * LOW HITPOINT WARNING * * *
The spark wasp blinks!
The spark wasp stings you!
You die...

* ,** *
,* * * ,
##..... *
* ,
**..... *
, ...$.
** ** ,
,ยง..
...* , ,
*#y# # *
* , #.#
## #. , *
#@# . #..
#..y#
*#.# * *
#.#..
#..# , *
*
#.#...,*
..#
.*#....*
.#*,# **
*
.#*....).
# ... .#
.......
#..>. ,##
........
..... ,,
, , ,* *


You could see 2 spark wasps.

Vanquished Creatures
  An ancient lich (Vaults:4)
  Boris (Vaults:4)
  Saint Roka (Depths:2)
  Margery (Vaults:4)
  A golden dragon (Depths:2)
  A caustic shrike (Depths:3)
  A lich (Depths:2)
  3 tentacled monstrosities
  A tentacled starspawn (Abyss:5)
  A titan (Depths:2)
  3 sphinxes
  2 storm dragons
  A fire giant (Depths:1)
  An iron dragon (Depths:3)
  3 ghost moths
  12 vault wardens
  5 frost giants
  5 emperor scorpions
  A spriggan defender (Depths:2)
  A deep elf elementalist (Abyss:5)
  8 ironheart preservers
  18 very ugly things
  10 stone giants
  8 entropy weavers
  A minotaur (Gauntlet)
  Azrael (Spider:3)
  A deep elf annihilator (Vaults:1)
  A spark wasp (Depths:2)
  4 fire dragons
  Snorg (D:12)
  3 merfolk javelineers (Shoals:4)
  10 merfolk impalers
  7 ettins
  2 great orbs of eyes
  A deep elf high priest (Depths:3)
  8 yaktaur captains
  A rakshasa (Depths:2)
  A hell beast (Depths:2)
  7 ice dragons
  32 vault guards
  A catoblepas (Lair:6)
  5 hydras
  3 spriggan air magi (Depths:2)
  2 merfolk aquamancers (Shoals:4)
  13 centaur warriors
  2 merfolk avatars (Shoals:2)
  2 death knights (Vaults:2)
  An anaconda (Lair:6)
  10 ogre magi
  A dancing weapon (Vaults:5)
  4 death yaks (Lair:6)
  2 satyrs (Shoals:3)
  6 deep troll shamans
  A tengu warrior (Depths:1)
  A deep troll earth mage (Depths:2)
  3 spriggan berserkers
  A thrashing horror (Abyss:5)
  33 two-headed ogres
  The ghost of Patral the Infuser, a journeyman FeWz of Gozag (D:14)
  A storm dragon zombie (Depths:2)
  A deep elf knight (Vaults:1)
  A fire crab (Gauntlet)
  5 hell knights
  21 skeletal warriors
  A storm dragon skeleton (Vaults:2)
  2 iron trolls (Depths:2)
  15 sea snakes
  4 large abominations (Abyss:5)
  A shadow wraith (Vaults:1)
  3 wizards
  8 ironbrand convokers
  2 deep elf archers (Vaults:1)
  16 deep trolls
  An unseen horror (D:15)
  A lindwurm (Lair:6)
  A glowing orange brain (Depths:1)
  2 phantasmal warriors
  8 necromancers
  10 orc knights
  An orb spider (shapeshifter) (Vaults:3)
  16 orb spiders
  19 harpies
  5 deep elf magi
  16 ugly things
  A worldbinder (Abyss:5)
  4 orc sorcerers
  11 cyclopes
  5 manticores
  A centaur zombie (D:13)
  A frost giant zombie (Depths:2)
  A moth of wrath (Spider:2)
  34 wolf spiders
  A faun (shapeshifter) (Depths:2)
  Maurice (Orc:1)
  5 fauns
  A stone giant zombie (Depths:2)
  9 merfolk sirens
  5 black mambas
  A molten gargoyle (Volcano)
  10 water nymphs
  A rust devil (Depths:2)
  2 fire giant skeletons (Vaults:2)
  A frost giant skeleton (Depths:2)
  5 elephants (Lair:6)
  A gargoyle (D:15)
  A stone giant skeleton (Vaults:2)
  18 vault sentinels
  2 smoke demons (Abyss:5)
  14 spiny frogs
  6 torpor snails
  A kobold demonologist (D:9)
  A yaktaur zombie (Vaults:1)
  A rime drake (Lair:6)
  16 demonic crawlers
  24 yaktaurs
  4 freezing wraiths
  2 yaktaur skeletons (Vaults:2)
  2 yaktaurs (shapeshifter)
  9 komodo dragons
  A human skeleton (Vaults:2)
  3 meliai (D:15)
  32 jumping spiders
  20 merfolk
  12 trolls
  An ice devil (Depths:1)
  5 tengu conjurers (Depths:1)
  5 tyrant leeches
  14 hornets
  13 polar bears
  A shadow dragon simulacrum (Vaults:3)
  A harpy skeleton (D:15)
  14 blink frogs
  A blink frog (shapeshifter) (Vaults:2)
  2 wind drakes
  A tengu simulacrum (Vaults:3)
  Prince Ribbit (D:8)
  32 slime creatures
  9 hippogriffs
  A raiju (shapeshifter) (Vaults:3)
  9 raiju
  5 snapping turtles
  6 dream sheep
  A frost giant simulacrum (Depths:2)
  A hippogriff (shapeshifter) (Depths:1)
  4 spriggans (Depths:2)
  5 wraiths
  6 water elementals
  2 ettin skeletons
  6 flying skulls (Depths:2)
  2 ynoxinuls (Abyss:5)
  A yak (shapeshifter) (Depths:1)
  30 tarantellas
  3 wyverns
  A vampire (D:14)
  88 redbacks
  A shadow (D:11)
  2 basilisks
  26 yaks
  12 fire bats
  3 golden eyes (Abyss:5)
  A hog (shapeshifter) (Depths:2)
  3 hogs (Shoals:4)
  7 vampire mosquitoes
  18 humans (D:13)
  3 fire elementals (Spider:3)
  12 wargs
  A soldier ant (shapeshifter) (Depths:1)
  4 swamp worms (Gauntlet)
  An acid dragon (D:15)
  16 water moccasins
  10 porcupines
  19 hell hounds
  34 orc warriors
  3 sky beasts
  13 black bears
  2 ice beasts
  4 boggarts (Depths:1)
  3 phantoms
  5 necrophages
  25 wolves
  48 ogres
  An orc skeleton (Vaults:2)
  10 centaurs
  14 crocodiles
  A human zombie (Vaults:1)
  A big kobold (D:11)
  24 bullfrogs
  A wyvern skeleton (D:7)
  4 scorpions
  7 wights
  10 killer bees
  2 howler monkeys
  An electric eel (Lair:4)
  6 lava snakes
  2 human simulacra
  5 crimson imps
  2 quasits
  6 jellies
  21 orc priests
  Crazy Yiuf (D:4)
  3 bullfrog zombies (D:11)
  4 hounds
  A bullfrog skeleton (D:9)
  4 centaur skeletons
  Ijyb (D:3)
  Natasha (thrice) (D:4)
  An iguana (D:10)
  16 orc wizards
  11 worker ants
  20 hell rats
  2 mummies (D:11)
  3 worker ant zombies
  Robin (D:3)
  9 adders
  7 gnolls
  3 shadow imps
  6 oozes
  2 adder skeletons
  An adder zombie (D:9)
  3 worms
  3 dart slugs
  3 leopard geckos
  79 orcs
  A ball python (D:6)
  5 bats
  6 giant cockroaches
  8 goblins
  10 hobgoblins
  7 jackals
  11 kobolds
  9 quokkas
  A jackal skeleton (D:4)
  A jackal zombie (D:9)
  A leopard gecko skeleton (D:7)
  8 rats
  2 fungi (Lair:6)
  14 plants
  2 starspawn tentacles (Abyss:5)
1632 creatures vanquished.

Vanquished Creatures (collateral kills)
  Jory (Vaults:4)
  Rupert (D:14)
  Kirke (Shoals:4)
  Agnes (D:15)
  3 ghost moths (Spider:4)
  3 emperor scorpions
  A deep elf knight (D:15)
  2 orb spiders (Spider:4)
  A jumping spider (Spider:4)
  2 slime creatures (D:12)
  3 redbacks
  4 hogs (Shoals:4)
  A black bear (D:12)
  A bullfrog (D:12)
  A jelly (D:12)
26 creatures vanquished.

Vanquished Creatures (others)
  A two-headed ogre (D:14)
  A merfolk aquamancer (Shoals:4)
  A redback (Spider:4)
  A water moccasin (Lair:6)
  A boggart (Depths:1)
  An orc wizard (Orc:1)
  4 orcs
  4 fungi
  50 plants
  5 withered plants (Gauntlet)
69 creatures vanquished.

Grand Total: 1727 creatures vanquished

Notes
Turn   | Place    | Note
-------+----------+-------------------------------------------
     0 | D:1      | Monsterracer the Deep Dwarf Fire Elementalist began the
                  | quest for the Orb.
     0 | D:1      | Reached XP level 1. HP: 15/15 MP: 3/3
    43 | D:1      | Reached skill level 1 in Conjurations
   210 | D:1      | Reached XP level 2. HP: 22/22 MP: 1/4
  1250 | D:2      | Found a stormy altar of Qazlal.
  1270 | D:2      | Reached XP level 3. HP: 27/30 MP: 3/6
  1717 | D:2      | Reached skill level 1 in Fighting
  1990 | D:2      | Found a sparkling altar of Nemelex Xobeh.
  2076 | D:3      | Noticed Robin
  2423 | D:3      | Reached XP level 4. HP: 29/38 MP: 2/7
  2821 | D:3      | Reached skill level 1 in Axes
  2886 | D:3      | Noticed Ijyb
  2901 | D:3      | HP: 18/38 [Ijyb (2)]
  2940 | D:3      | Killed Ijyb
  3044 | D:3      | Found a deep blue altar of Sif Muna.
  3105 | D:3      | Reached XP level 5. HP: 27/44 MP: 5/8
  3459 | D:3      | Killed Robin
  3666 | D:4      | Noticed Natasha
  3670 | D:4      | Killed Natasha
  3680 | D:4      | Learned a level 4 spell: Sticky Flame
  3724 | D:4      | Learned a level 3 spell: Conjure Flame
  3798 | D:4      | Found a sacrificial altar of Ru.
  3799 | D:4      | Found a shimmering altar of Xom.
  3801 | D:4      | Found a white marble altar of Elyvilon.
  3802 | D:4      | Found a burning altar of Makhleb.
  3802 | D:4      | Found an opulent altar of Gozag.
  3803 | D:4      | Found a glowing silver altar of Zin.
  3803 | D:4      | Found a shattered altar of Ashenzari.
  3804 | D:4      | Found a snail-covered altar of Cheibriados.
  3973 | D:4      | Reached XP level 6. HP: 46/52 MP: 4/9
  4024 | D:4      | Found Faeluukh's General Store.
  4030 | D:4      | Bought a potion of heal wounds for 70 gold pieces
  4184 | D:4      | Became a worshipper of Makhleb the Destroyer
  4266 | D:4      | Found a runed translucent door.
  4268 | D:4      | Noticed Crazy Yiuf
  4449 | D:4      | Noticed Natasha
  4452 | D:4      | Killed Natasha
  4541 | D:4      | Bought a scroll of remove curse for 42 gold pieces
  4576 | D:4      | HP: 25/52 [gnoll/+0 flail (7)]
  4870 | D:4      | Noticed Natasha
  4880 | D:4      | Killed Natasha
  4945 | D:4      | Killed Crazy Yiuf
  4945 | D:4      | Reached skill level 1 in Invocations
  5082 | D:5      | Entered Level 5 of the Dungeon
  5121 | D:5      | HP: 25/55 [centaur (4)]
  5122 | D:5      | HP: 10/55 [centaur (7)]
  5180 | D:5      | HP: 24/55 [orc priest/divine providence (8)]
  5182 | D:5      | Reached XP level 7. HP: 27/61 MP: 3/10
  5711 | D:5      | Found a bloodstained altar of Trog.
  6286 | D:5      | HP: 31/62 [crimson imp (1)]
  6412 | D:5      | HP: 30/62 [crimson imp (1)]
  6529 | D:5      | HP: 29/62 [crimson imp (1)]
  6572 | D:5      | HP: 27/62 [crimson imp (2)]
  6864 | D:6      | Found a staircase to the Ecumenical Temple.
  6901 | D:6      | Reached skill level 5 in Axes
  6907 | D:6      | HP: 31/62 [adder skeleton (2)]
  7131 | D:6      | Reached XP level 8. HP: 42/70 MP: 10/10
  7203 | D:6      | Got an encrusted flail
  7204 | D:6      | Identified the +8 flail "Boheppell" {speed, +Inv rC++ MR-
                  | Str+2} (You found it on level 6 of the Dungeon)
  7249 | D:6      | Reached skill level 1 in Maces & Flails
  7279 | D:6      | Reached * piety under Makhleb
  7937 | D:7      | Reached skill level 5 in Invocations
  8089 | D:8      | Noticed a hippogriff
  8099 | D:8      | Killed a hippogriff
  8099 | D:8      | Reached skill level 5 in Maces & Flails
  8099 | D:8      | Gained mutation: You passively map the area around you.
                  | [Deep Dwarf growth]
  8099 | D:8      | Reached XP level 9. HP: 57/79 MP: 9/11
  8145 | D:8      | Noticed Prince Ribbit
  8148 | D:8      | HP: 38/79 [Prince Ribbit (12)]
  8154 | D:8      | Killed Prince Ribbit
  8265 | D:4      | Bought a scroll of enchant armour for 105 gold pieces
  8400 | D:8      | HP: 35/79 [gnoll/+0 spear (5)]
  8681 | D:8      | Found an ornate altar of the Wu Jian Council.
  8832 | D:8      | Reached skill level 1 in Armour
  8886 | D:8      | Reached skill level 5 in Fighting
  9164 | D:9      | Noticed a two-headed ogre
  9415 | D:9      | Reached ** piety under Makhleb
  9418 | D:9      | HP: 37/81 [killer bee (4)]
  9424 | D:9      | HP: 31/81 [killer bee (3)]
  9433 | D:9      | HP: 25/81 [scorpion (6)]
  9559 | D:9      | Noticed a brown ugly thing
  9577 | D:9      | Killed a brown ugly thing
  9591 | D:9      | Noticed a white ugly thing
  9599 | D:9      | Killed a white ugly thing
  9599 | D:9      | Reached skill level 1 in Evocations
  9599 | D:9      | Reached XP level 10. HP: 53/91 MP: 14/14
  9624 | D:9      | HP: 44/91 [centaur (4)]
  9653 | D:9      | Reached skill level 2 in Evocations
  9683 | D:9      | HP: 44/91 [two-headed ogre/+0 dire flail (5)]
  9689 | D:9      | Killed a two-headed ogre
  9689 | D:9      | Reached skill level 3 in Evocations
 10491 | D:10     | Entered Level 10 of the Dungeon
 10852 | D:10     | Reached *** piety under Makhleb
 10855 | D:10     | Reached skill level 4 in Evocations
 11355 | D:10     | HP: 46/92 [orc warrior/+0 long sword (14)]
 11373 | D:10     | HP: 44/92 [orc priest/divine providence (9)]
 11434 | D:10     | Found a staircase to the Orcish Mines.
 11436 | D:10     | HP: 39/92 [orc priest/+0 war axe (5)]
 11565 | D:10     | Reached skill level 5 in Armour
 11880 | D:11     | Noticed a red ugly thing
 11926 | D:11     | Reached XP level 11. HP: 95/99 MP: 15/15
 11960 | D:11     | Killed a red ugly thing
 11960 | D:11     | Reached skill level 5 in Evocations
 12124 | D:11     | Found a staircase to the Lair.
 12184 | D:11     | Reached **** piety under Makhleb
 12479 | Lair:1   | Entered Level 1 of the Lair of Beasts
 12626 | Lair:1   | Reached skill level 10 in Maces & Flails
 12643 | Lair:1   | Got a shimmering tin ring
 12677 | Lair:1   | Identified the ring "Fal Uminoabu" {rElec rC+ MR+ Int-4
                  | Stlth-} (You found it on level 1 of the Lair of Beasts)
 12712 | Lair:1   | Reached skill level 6 in Evocations
 13330 | Lair:2   | Reached skill level 10 in Invocations
 13556 | Lair:2   | Reached ***** piety under Makhleb
 13580 | Lair:2   | Found a hole to the Spider Nest.
 13594 | Lair:2   | Reached XP level 12. HP: 105/109 MP: 17/17
 13646 | Lair:2   | Found an ornate altar of the Wu Jian Council.
 14134 | Lair:3   | Noticed an eight-headed hydra
 14158 | Lair:3   | Killed an eight-headed hydra
 14387 | Lair:3   | Found a sparkling altar of Nemelex Xobeh.
 14616 | Lair:3   | Found a staircase to the Shoals.
 14824 | Lair:3   | Found a runed translucent gate.
 14825 | Lair:3   | Found a runed translucent gate.
 14826 | Lair:3   | Found a runed translucent gate.
 14850 | Lair:3   | Noticed a four-headed hydra
 14861 | Lair:3   | Killed a four-headed hydra
 14968 | Lair:3   | Found a viscous altar of Jiyva.
 14968 | Lair:3   | Noticed soark's ghost (journeyman SpEn)
 15064 | Lair:4   | Noticed a five-headed hydra
 15129 | Lair:4   | Killed a five-headed hydra
 15249 | Lair:4   | Found a sacrificial altar of Ru.
 15336 | Lair:4   | Found a gate leading to a gauntlet.
 15346 | Gauntlet | Entered a Gauntlet
 15346 | Gauntlet | Found a transporter.
 15346 | Gauntlet | Found a transporter.
 15346 | Gauntlet | Found a transporter.
 15346 | Gauntlet | Found a runed translucent gate.
 15346 | Gauntlet | Found a runed translucent gate.
 15346 | Gauntlet | Found a runed translucent gate.
 15347 | Gauntlet | Found a transporter.
 15348 | Gauntlet | Found a transporter.
 15351 | Gauntlet | Found a transporter.
 15358 | Gauntlet | Found a transporter.
 15359 | Gauntlet | Found a transporter.
 15360 | Gauntlet | Found a transporter.
 15362 | Gauntlet | Found a transporter.
 15370 | Gauntlet | Found a transporter.
 15370 | Gauntlet | Found a transporter.
 15371 | Gauntlet | Found the ring of the Octopus King
 15564 | Gauntlet | Got an ichor-stained spear
 15669 | Gauntlet | Got a pair of distressingly furry gloves
 15683 | Gauntlet | Identified the cursed +0 pair of gloves of Zumuh {Int+3}
                  | (You found it in a Gauntlet)
 15684 | Gauntlet | Identified the cursed +0 spear of Wejonkeh {drain, *Drain
                  | rElec rPois rF+} (You found it in a Gauntlet)
 15689 | Gauntlet | Identified the +8 hand axe "Siwnirih" {freeze, Dex+5
                  | Stlth+}
 15689 | Gauntlet | Identified the amulet of Qophov {Harm -Tele *Drain rF+
                  | Int+2 Stlth+}
 15689 | Gauntlet | Noticed a minotaur
 15703 | Gauntlet | HP: 44/112 [minotaur/the +8 hand axe "Siwnirih" {freeze,
                  | Dex+5 Stlth+} (21)]
 15710 | Gauntlet | HP: 46/112 [minotaur/the +8 hand axe "Siwnirih" {freeze,
                  | Dex+5 Stlth+} (20)]
 15716 | Gauntlet | HP: 84/168 [minotaur/the +8 hand axe "Siwnirih" {freeze,
                  | Dex+5 Stlth+} (10)]
 15721 | Gauntlet | HP: 78/168 [minotaur/the +8 hand axe "Siwnirih" {freeze,
                  | Dex+5 Stlth+} (6)]
 15724 | Gauntlet | Killed a minotaur
 15724 | Gauntlet | Reached XP level 13. HP: 103/120 MP: 19/19
 15813 | Gauntlet | Identified Vuips's Papyrus of Companions and Protection
 15814 | Gauntlet | Got a transparent scythe
 15901 | Lair:4   | Identified the +1 scythe "Caan" {pain, +Inv Dex+4} (You
                  | found it in a Gauntlet)
 15980 | Lair:4   | HP: 58/120 [poisoned by a spiny frog]
 15983 | Lair:4   | Reached skill level 1 in Shields
 15985 | Lair:4   | HP: 49/120 [poisoned by a spiny frog]
 16133 | Lair:4   | HP: 46/120 [blink frog (12)]
 16157 | Lair:4   | HP: 52/120 [blink frog (11)]
 16165 | Lair:4   | HP: 31/120 [blink frog (10)]
 16725 | Lair:5   | Identified a scroll of acquirement
 17141 | Lair:5   | Learned a level 1 spell: Apportation
 17171 | Lair:5   | Got a faintly glowing chain mail
 17180 | Lair:5   | Identified the cursed +1 chain mail of Bofacvic {Str+4
                  | Stlth-} (You found it on level 5 of the Lair of Beasts)
 17548 | Lair:6   | Entered Level 6 of the Lair of Beasts
 17645 | Lair:6   | HP: 60/121 [catoblepas (10)]
 17651 | Lair:6   | HP: 50/121 [catoblepas (7)]
 17657 | Lair:6   | HP: 29/121 [komodo dragon (3)]
 17721 | Lair:6   | HP: 60/121 [komodo dragon (17)]
 17728 | Lair:6   | HP: 32/121 [komodo dragon (13)]
 17996 | Lair:6   | Reached ****** piety under Makhleb
 18457 | Lair:6   | HP: 60/122 [elephant (3)]
 18462 | Lair:6   | Reached skill level 10 in Armour
 18524 | Lair:6   | HP: 60/122 [yak (2)]
 18528 | Lair:6   | HP: 29/122 [tyrant leech (16)]
 18532 | Lair:6   | Gained mutation: You resist negative energy. (rN+) [Deep
                  | Dwarf growth]
 18532 | Lair:6   | Reached XP level 14. HP: 54/130 MP: 21/21
 18533 | Lair:6   | HP: 27/130 [death yak (4)]
 18554 | Lair:6   | HP: 61/130 [yak (2)]
 18559 | Lair:6   | HP: 29/130 [death yak (18)]
 18827 | Lair:6   | Found a runed translucent door.
 18846 | Lair:6   | HP: 64/130 [hornet (9)]
 18884 | Lair:6   | Reached skill level 7 in Evocations
 18994 | Lair:6   | HP: 52/130 [lindwurm/blast of flame (28)]
 19089 | Lair:6   | HP: 42/130 [hornet (10)]
 19142 | Lair:6   | Reached skill level 10 in Fighting
 19526 | Orc:1    | Entered Level 1 of the Orcish Mines
 19538 | Orc:1    | Noticed Maurice
 19544 | D:10     | HP: 66/132 [orc warrior/+0 flail (3)]
 19550 | D:10     | HP: 55/132 [orc warrior/+0 war axe (5)]
 19556 | D:10     | HP: 57/132 [orc warrior/+0 hand axe (8)]
 19895 | Orc:1    | Killed Maurice
 20059 | Orc:1    | Reached skill level 10 in Axes
 20065 | Orc:1    | Found a dark tunnel.
 20088 | Volcano  | Entered a volcano
 20256 | Volcano  | Found a burning altar of Makhleb.
 20542 | Orc:2    | Entered Level 2 of the Orcish Mines
 20549 | Orc:2    | Found a staircase to the Elven Halls.
 20566 | Orc:2    | Found Surygg's Antique Armour Shoppe.
 20582 | Orc:2    | Reached skill level 8 in Evocations
 20612 | Orc:2    | Found Recuab's Antique Weapon Shoppe.
 20654 | Orc:2    | Found Emerph's Magic Scroll Shop.
 20693 | Orc:2    | Found Xahi's Antique Armour Emporium.
 20732 | Orc:2    | Bought a pair of glowing gloves for 300 gold pieces
 20732 | Orc:2    | Bought a transparent chain mail for 380 gold pieces
 20743 | Orc:2    | Identified the +1 chain mail of Freedom {Str-2 Int+5} (You
                  | bought it in a shop on level 2 of the Orcish Mines)
 20765 | Orc:2    | Bought a scroll of teleportation for 33 gold pieces
 20765 | Orc:2    | Bought a scroll of blinking for 82 gold pieces
 20765 | Orc:2    | Bought a scroll of enchant armour for 82 gold pieces
 20765 | Orc:2    | Bought a scroll of acquirement for 572 gold pieces
 20765 | Orc:2    | Bought a scroll of holy word for 82 gold pieces
 20765 | Orc:2    | Bought a scroll of magic mapping for 38 gold pieces
 20765 | Orc:2    | Bought a scroll of fear for 38 gold pieces
 20771 | Orc:2    | Bought a shield for 144 gold pieces
 20810 | Orc:2    | Found a roughly hewn altar of Beogh.
 21322 | Orc:1    | Reached skill level 9 in Evocations
 21510 | D:12     | Reached XP level 15. HP: 140/140 MP: 19/19
 21564 | D:12     | Noticed Snorg
 21579 | D:12     | Killed Snorg
 22407 | D:13     | Reached skill level 5 in Shields
 22429 | D:13     | Found a gateway to a bazaar.
 22704 | D:13     | Found a gate to the Vaults.
 22965 | Bazaar   | Entered a bazaar
 22978 | Bazaar   | Found Huosoaps's Weapon Shoppe.
 22978 | Bazaar   | Found Roin Oqoim's Jewellery Shoppe.
 23014 | Bazaar   | Found Bimuhut's General Store.
 23014 | Bazaar   | Found Tejiudob's Assorted Antiques.
 23020 | Bazaar   | Bought a potion of haste for 110 gold pieces
 23020 | Bazaar   | Bought a potion of cancellation for 88 gold pieces
 23032 | Bazaar   | Bought a scroll of teleportation for 84 gold pieces
 23032 | Bazaar   | Bought a scroll of enchant weapon for 210 gold pieces
 23032 | Bazaar   | Bought a steaming scale mail for 252 gold pieces
 23051 | D:13     | Identified the +1 scale mail of Love and Death {MR+ Int+4
                  | Dex-5} (You bought it in a shop in a bazaar)
 23339 | D:14     | Found a transporter.
 23372 | D:14     | Found a transporter.
 23373 | D:14     | Noticed Patral's ghost (journeyman FeWz)
 23374 | D:14     | Identified the +6 great mace "Enegg" {freeze, +Blink Dex+3}
 23374 | D:14     | Noticed a frost giant
 23423 | D:14     | Found an iron altar of Okawaru.
 23795 | D:14     | HP: 67/140 [frost giant/bolt of cold (6)]
 23798 | D:14     | HP: 20/140 [frost giant/bolt of cold (16)]
 23799 | D:14     | Reached skill level 10 in Evocations
 23808 | D:14     | Killed a frost giant
 23809 | D:14     | HP: 68/140 [two-headed ogre/+0 giant club (6)]
 23831 | D:14     | HP: 69/141 [Patral's ghost (8)]
 23839 | D:14     | HP: 68/141 [Patral's ghost (1)]
 23854 | D:14     | Killed Patral's ghost
 23858 | D:14     | Got a slimy turquoise ring
 23875 | D:14     | Identified the ring of Itych {*Corrode rElec rPois Int+2}
                  | (You found it on level 14 of the Dungeon)
 23913 | D:15     | Entered Level 15 of the Dungeon
 23917 | D:15     | HP: 51/141 [gargoyle/stone arrow (24)]
 23938 | D:15     | HP: 70/141 [deep troll (3)]
 23951 | D:14     | HP: 53/141 [deep troll (14)]
 24063 | D:15     | Noticed Agnes
 24074 | D:15     | Killed Agnes
 24134 | D:15     | Found a staircase to the Depths.
 24163 | D:15     | Noticed Rupert
 24178 | D:15     | HP: 66/141 [harpy skeleton (6)]
 24270 | D:15     | HP: 66/141 [Rupert/+2 great sword of distortion (11)]
 24278 | D:14     | HP: 53/141 [Rupert/+2 great sword of distortion (13)]
 24279 | D:14     | You fall through a shaft!
 24435 | D:15     | HP: 67/141 [troll (8)]
 24481 | D:15     | HP: 66/141 [meliai/+3 hand axe (6)]
 24486 | D:15     | HP: 42/141 [meliai/+3 hand axe (6)]
 24671 | D:15     | HP: 62/141 [cyclops/large rock (1)]
 24687 | D:15     | HP: 49/141 [seven-headed hydra (7)]
 24752 | D:14     | Killed Rupert
 24992 | Spider:1 | Entered Level 1 of the Spider Nest
 25056 | Spider:1 | Reached XP level 16. HP: 124/150 MP: 20/20
 25897 | Spider:2 | Reached skill level 15 in Invocations
 26000 | Spider:2 | Reached skill level 11 in Evocations
 26115 | Spider:1 | HP: 72/150 [wolf spider (8)]
 26118 | Spider:1 | HP: 35/150 [entropy weaver (9)]
 26123 | Spider:1 | HP: 44/150 [wolf spider (6)]
 26256 | Spider:2 | HP: 74/150 [jumping spider (4)]
 26333 | Spider:2 | HP: 71/151 [entropy weaver (10)]
 26338 | Spider:2 | HP: 60/151 [entropy weaver (7)]
 26343 | Spider:2 | HP: 71/151 [redback (6)]
 26348 | Spider:2 | HP: 67/151 [poisoned by a redback]
 26373 | Spider:2 | You fall through a shaft!
 27697 | Spider:3 | Noticed Azrael
 27733 | Spider:3 | Killed Azrael
 28491 | Spider:4 | Entered Level 4 of the Spider Nest
 28690 | Spider:4 | HP: 67/152 [emperor scorpion (10)]
 28696 | Spider:4 | HP: 56/152 [emperor scorpion (7)]
 28735 | Spider:4 | HP: 28/152 [disintegration (12)]
 28749 | Spider:4 | HP: 50/152 [emperor scorpion (2)]
 28772 | Spider:4 | HP: 26/152 [emperor scorpion (12)]
 28787 | Spider:4 | HP: 22/152 [emperor scorpion (4)]
 28799 | Spider:3 | Reached skill level 10 in Shields
 28879 | Spider:4 | Reached skill level 12 in Evocations
 29004 | Spider:4 | Reached XP level 17. HP: 159/159 MP: 20/20
 29926 | Spider:4 | HP: 73/159 [emperor scorpion (8)]
 29931 | Spider:4 | HP: 54/159 [something (6)]
 29936 | Spider:4 | HP: 66/159 [something (2)]
 29942 | Spider:4 | HP: 79/238 [something (9)]
 29947 | Spider:4 | HP: 68/238 [something (6)]
 29955 | Spider:4 | HP: 43/159 [something (2)]
 30019 | Spider:4 | HP: 44/159 [disintegration (16)]
 30083 | Spider:4 | HP: 41/159 [emperor scorpion (12)]
 30105 | Spider:4 | HP: 41/159 [disintegration (19)]
 30130 | Spider:4 | Got a gossamer rune of Zot
 30164 | Spider:4 | HP: 40/159 [emperor scorpion (8)]
 30182 | Spider:4 | HP: 56/159 [emperor scorpion (4)]
 30188 | Spider:4 | HP: 54/159 [emperor scorpion (2)]
 30482 | Vaults:1 | Entered Level 1 of the Vaults
 30485 | Vaults:1 | HP: 68/159 [freezing wraith (3)]
 30706 | Vaults:1 | Reached skill level 13 in Evocations
 31249 | Vaults:1 | Gained mutation: You passively map a large area around you.
                  | [Deep Dwarf growth]
 31249 | Vaults:1 | Reached XP level 18. HP: 161/170 MP: 22/22
 31742 | Vaults:1 | Got a faintly glowing scale mail
 32086 | Spider:4 | Identified the +5 scale mail of the Past {SInv} (You found
                  | it on level 1 of the Vaults)
 32575 | Vaults:1 | Reached skill level 14 in Evocations
 33268 | Vaults:2 | Found a staircase to the Crypt.
 33989 | Vaults:3 | Reached skill level 15 in Axes
 34220 | Vaults:3 | Got a heavily jewelled robe
 34569 | Vaults:3 | Reached skill level 15 in Evocations
 34569 | Vaults:3 | Reached XP level 19. HP: 180/180 MP: 23/23
 35059 | Vaults:4 | Reached skill level 15 in Armour
 35067 | Vaults:4 | Noticed Boris
 35100 | Vaults:4 | HP: 89/180 [something (6)]
 35105 | Vaults:4 | HP: 80/180 [something/iron shot (9)]
 35109 | Vaults:4 | Killed Boris
 35130 | Vaults:4 | Noticed Jory
 35184 | Vaults:4 | HP: 36/180 [Jory/crystal spear (45)]
 35189 | Vaults:4 | HP: 48/180 [Jory/vampiric draining (11)]
 35194 | Vaults:4 | HP: 77/180 [Jory/+2 vampiric battleaxe (10)]
 35200 | Vaults:4 | Killed Jory
 35201 | Vaults:4 | HP: 64/181 [freezing wraith (4)]
 35218 | Vaults:4 | Found Likhesoh's Distillery.
 35226 | Vaults:4 | Bought a potion of heal wounds for 75 gold pieces
 35229 | Vaults:4 | Bought a potion of curing for 45 gold pieces
 35229 | Vaults:4 | Bought a potion of berserk rage for 75 gold pieces
 35229 | Vaults:4 | Bought a potion of might for 60 gold pieces
 35229 | Vaults:4 | Bought 2 potions of cancellation for 240 gold pieces
 35229 | Vaults:4 | Bought a potion of cancellation for 120 gold pieces
 35259 | Vaults:4 | HP: 84/181 [sphinx/divine providence (10)]
 35273 | Vaults:4 | HP: 82/181 [entropy weaver (12)]
 35278 | Vaults:4 | HP: 75/181 [hell knight/+2 glaive of flaming[Margery] (2)]
 35416 | Vaults:4 | Noticed Margery
 35441 | Vaults:4 | Killed Margery
 35638 | Vaults:4 | Found a sacrificial altar of Ru.
 35697 | Vaults:4 | HP: 90/181 [ettin/+0 dire flail (28)]
 35889 | Vaults:5 | Entered Level 5 of the Vaults
 35918 | Vaults:5 | Reached skill level 16 in Evocations
 35930 | Vaults:5 | HP: 90/182 [titan (13)]
 35931 | Vaults:5 | Noticed an ancient lich
 35939 | Vaults:5 | HP: 91/182 [vault guard/cursed -1 glaive (1)]
 35943 | Vaults:4 | Cast into level 5 of the Abyss (an ancient lich)
 35943 | Abyss:5  | Entered Level 5 of the Abyss
 36177 | Abyss:5  | Reached XP level 20. HP: 192/192 MP: 0/22
 36189 | Vaults:4 | Escaped the Abyss
 36201 | Vaults:4 | Killed an ancient lich
 36632 | Shoals:1 | Entered Level 1 of the Shoals
 37537 | Shoals:2 | Found Meg Ryiv's Armour Shop.
 37654 | Shoals:2 | Reached skill level 5 in Dodging
 38017 | Shoals:2 | Reached skill level 15 in Fighting
 38417 | Shoals:4 | Entered Level 4 of the Shoals
 38714 | Shoals:4 | Noticed Kirke
 38722 | Shoals:4 | HP: 96/194 [merfolk impaler/+0 demon trident of freezing
                  | (10)]
 38728 | Shoals:4 | HP: 86/194 [poisoned by a merfolk javelineer]
 38733 | Shoals:4 | HP: 57/194 [poisoned by a merfolk impaler]
 38738 | Shoals:4 | HP: 36/194 [poisoned by a merfolk impaler]
 38743 | Shoals:4 | HP: 21/194 [poisoned by a merfolk impaler]
 38748 | Shoals:4 | HP: 11/194 [poisoned by a merfolk impaler]
 38822 | Shoals:4 | HP: 86/194 [frost giant/bolt of cold (22)]
 38840 | Shoals:4 | Killed Kirke
 38843 | Shoals:4 | HP: 61/194 [frost giant/bolt of cold (12)]
 38869 | Shoals:4 | HP: 64/194 [merfolk javelineer/javelin of returning (11)]
 38896 | Shoals:4 | Got a barnacled rune of Zot
 38904 | Shoals:4 | HP: 74/194 [poisoned by a sea snake]
 38909 | Shoals:4 | HP: 65/194 [poisoned by a sea snake]
 38970 | Shoals:4 | HP: 56/194 [merfolk impaler/+0 demon trident (13)]
 38982 | Shoals:4 | HP: 45/194 [merfolk impaler/+0 demon trident (4)]
 39008 | Shoals:4 | HP: 58/194 [centaur/arrow (1)]
 39064 | Shoals:4 | HP: 91/194 [snapping turtle (11)]
 39071 | Shoals:4 | HP: 87/194 [snapping turtle (15)]
 39079 | Shoals:4 | HP: 89/194 [water nymph/the raging water (13)]
 39085 | Shoals:4 | HP: 37/194 [water nymph/the raging water (28)]
 39096 | Shoals:4 | Got a translucent emerald amulet
 39116 | Shoals:4 | Identified the amulet of Leaves {Gourm +Fly rPois} (You
                  | found it on level 4 of the Shoals)
 39173 | Shoals:4 | Reached skill level 17 in Evocations
 39188 | Shoals:4 | Identified the Volume of Nocuous Protection
 39196 | Shoals:4 | Found a runed translucent door.
 39258 | Shoals:4 | Identified the Incunabulum of Stolen Souls
 39487 | Shoals:4 | Noticed Arum's ghost (adept FoFi)
 39737 | Depths:1 | Entered Level 1 of the Depths
 39882 | Depths:1 | Found the -2 hat of the Alchemist {rElec rPois rF+ rC+ rN+
                  | MR+ rMut rCorr}
 40170 | Depths:1 | Reached skill level 15 in Shields
 40299 | Depths:1 | Found a gateway to Hell.
 40703 | Depths:1 | Reached XP level 21. HP: 204/204 MP: 23/23
 40744 | Depths:1 | Got a slimy hand axe
 40914 | Depths:2 | Found a one-way gate to the infinite horrors of the Abyss.
 40979 | Depths:2 | Noticed Saint Roka
 41006 | Depths:2 | HP: 101/204 [deep troll (illusionary) (13)]
 41010 | Depths:2 | Killed Saint Roka
 41012 | Depths:2 | HP: 60/204 [spriggan air mage/the air (23)]
 41014 | Depths:2 | Reached skill level 18 in Evocations
 41019 | Depths:2 | HP: 80/204 [white very ugly thing (9)]
 41025 | Depths:2 | HP: 82/204 [red very ugly thing (illusionary) (12)]
 41030 | Depths:2 | HP: 50/204 [red very ugly thing (illusionary) (8)]
 41035 | Depths:2 | HP: 82/204 [red very ugly thing (illusionary) (9)]
 41080 | Depths:2 | Found a runed translucent door.
 41080 | Depths:2 | Found a shimmering altar of Xom.
 41080 | Depths:2 | Noticed Monsterracer's ghost (veteran HOCK)
 41091 | Depths:2 | Noticed a golden dragon
 41110 | Depths:2 | Killed a golden dragon
 41205 | Depths:2 | Reached skill level 19 in Evocations
 41371 | Depths:2 | HP: 89/204 [titan (25)]
 41377 | Depths:2 | HP: 70/204 [titan (14)]
 41387 | Depths:2 | Got a warped helmet
 41388 | Depths:2 | Identified the +0 helmet of Depression {rElec} (You
                  | acquired it on level 2 of the Depths)
 41426 | Depths:2 | HP: 90/204 [spriggan defender/+2 flail of crushing (18)]
 41451 | Depths:2 | HP: 91/204 [purple very ugly thing (14)]
 41464 | Depths:2 | HP: 97/204 [cyan very ugly thing (12)]
 41481 | Depths:2 | Reached skill level 20 in Evocations
 42284 | Depths:3 | Noticed a caustic shrike
 42296 | Depths:3 | Identified the +1 robe of the Stars {rN+}
 42303 | Depths:3 | Killed a caustic shrike
 42325 | Depths:3 | Reached skill level 21 in Evocations
 42336 | Depths:3 | Found the +8 demon trident "Rift" {distort, reach+}
 42363 | Depths:2 | HP: 90/204 [lich/crystal spear (80)]
 42379 | Depths:3 | HP: 102/204 [deep troll shaman (7)]
 42386 | Depths:3 | HP: 56/204 [frost giant/bolt of cold (5)]
 42388 | Depths:3 | HP: 17/204 [ettin/+0 dire flail (31)]
 42389 | Depths:3 | Slain by a spark wasp

Skill      XL: |  1  2  3  4  5  6  7  8  9 10 11 12 13 14 15 16 17 18 19 20 21 |
---------------+----------------------------------------------------------------+-----
Conjurations   | 1 2 3 |  3.8
Fire Magic     | 3 |  3.7
Spellcasting   | 2 |  2.4
Fighting       | 1 2 3 4 5 6 7 8 9 10 11 12 13 14 15 | 15.7
Axes           | 1 2 3 5 9 11 12 13 15 16 | 16.3
Invocations    | 1 3 5 7 8 10 11 12 14 15 16 | 16.0
Maces & Flails | 5 7 9 10 12 | 12.5
Dodging        | 3 4 6 7 |  7.0
Armour         | 3 5 7 8 10 11 12 13 14 15 16 | 16.5
Evocations     | 1 4 6 9 10 12 13 15 16 17 21 | 21.4
Shields        | 4 7 10 12 13 14 15 | 15.1
Stealth        | |  2.4

Action                   |  1- 3 |  4- 6 |  7- 9 | 10-12 | 13-15 | 16-18 | 19-21 || total
-------------------------+-------+-------+-------+-------+-------+-------+-------++-------
Melee: Unarmed           |    18 |       |       |       |       |       |       ||    18
       Hand axe          |       |    69 |   261 |       |   640 |       |       ||   970
       Flail             |       |       |   229 |   917 |   179 |       |       ||  1325
       War axe           |       |       |       |       |   886 |  1515 |       ||  2401
       Broad axe         |       |       |       |       |       |   529 |  1645 ||  2174
 Cast: Flame Tongue      |    76 |   123 |    72 |       |       |       |       ||   271
       Sticky Flame      |       |     1 |       |       |       |       |       ||     1
       Conjure Flame     |       |       |     1 |       |       |       |       ||     1
       Apportation       |       |       |       |       |    17 |       |     1 ||    18
Invok: Minor Destruction |       |       |     3 |       |    11 |       |       ||    14
       Lesser Servant of |       |       |       |     1 |     2 |     1 |       ||     4
       Greater Servant o |       |       |       |       |     4 |     3 |     2 ||     9
 Abil: Heal Wounds       |       |     4 |     7 |     3 |    18 |    11 |    23 ||    66
       Evoke Invisibilit |       |       |     1 |    11 |     3 |       |       ||    15
Evoke: Wand              |       |       |       |     3 |     1 |     2 |     2 ||     8
       Fan of gales      |       |       |       |       |       |     2 |       ||     2
       Box of beasts     |       |       |       |       |       |     2 |       ||     2
  Use: Scroll            |       |    13 |    13 |     4 |    14 |    18 |     8 ||    70
       Potion            |       |       |     1 |     3 |     2 |     5 |     7 ||    18
 Stab: Invisible         |       |       |     2 |    35 |    11 |       |       ||    48
       Petrified         |       |       |       |       |    15 |       |       ||    15
       Distracted        |       |       |       |       |     2 |     1 |       ||     3
       Confused          |       |       |       |       |     2 |       |       ||     2
       Held in net/web   |       |       |       |       |       |     1 |       ||     1
  Eat: Chunk             |     6 |    11 |     8 |    16 |    30 |    24 |    29 ||   124
       Ration            |       |       |     3 |     2 |     1 |     3 |     1 ||    10
Armor: Robe              |    10 |     8 |       |       |       |       |       ||    18
       Leather armour    |       |    10 |   117 |       |       |       |       ||   127
       Plate armour      |       |       |    68 |   312 |   608 |  1584 |  1006 ||  3578
       Chain mail        |       |       |       |       |   389 |       |       ||   389
Dodge: Dodged            |    31 |   112 |   409 |   429 |   761 |   428 |   353 ||  2523
Block: Buckler           |       |       |       |       |   335 |       |       ||   335
       Shield            |       |       |       |       |   175 |       |       ||   175
       Large shield      |       |       |       |       |   308 |  2029 |  1679 ||  4016

Levels and vault maps discovered:
D:1:      nagdon_arrival_zigzag_paths, layout_loops_ring
D:2:      layout_basic, nicolae_overflow_hidden_temple,
          nemelex_xobeh_ov_fountains_minmay
D:3:      layout_loops_ring, lemuel_crystal_altar, uniq_ijyb, uniq_robin
D:4:      layout_basic, grunt_temple_overflow_open, serial_shops,
          nicolae_shop_stone, first_ration, hangedman_abyss_or_decor_stagger,
          uniq_crazy_yiuf_cottage, uniq_natasha
D:5:      layout_loops_corners, basic_altar, grunt_ministairs_14
D:6:      layout_basic, temple_pool_b
D:7:      layout_loops_ring
D:8:      layout_basic, kennysheep_mini_moat, uniq_prince_ribbit1
D:9:      kennysheep_blocky_room, layout_layer_cave
D:10:     layout_cross, david_orc_4
D:11:     layout_irregular_city, david_lair_shrubbed, serial_undead,
          serial_undead_a, serial_undead_e, serial_undead_f, serial_undead_b,
          serial_undead_c, serial_undead_e, serial_undead_b
D:12:     layout_roguey, hangedman_little_slice_of_home, dk_noncrumbling_2,
          uniq_snorg
D:13:     layout_rooms, grunt_vaults_entry_tiered, serial_shops, freezing_bzr
D:14:     layout_irregular_city, gammafunk_ghost_smash,
          okawaru_ov_weapons_minmay, einodemon_crawler_minivault
D:15:     hangedman_depths_entry_civil_slaughter, layout_gridville,
          minmay_fountain_box, uniq_rupert, uniq_agnes
Lair:1:   layout_layer_cave, grunt_megastairs_3
Lair:2:   layout_hall_layers, spider_nest_entry_web_field, basic_altar
Lair:3:   layout_gridlike, minmay_shoals_entry_lonely_mermaid, basic_altar,
          gammafunk_ghost_ooze, grunt_megastairs_5
Lair:4:   layout_cave_shapes, basic_altar, gauntlet_entry_generic,
          serial_bayou_shore_a
Lair:5:   layout_regular_city, minmay_slime_entry_oklob_enclosed, st_stairs_3,
          minmay_lair_oklob_chamber
Lair:6:   hangedman_lair_caniforms_friends, layout_regular_city, wormcave,
          grunt_megastairs_1, infiniplex_staircase_pool_2
Shoals:1: layout_shoals, overgrown_tower
Shoals:2: layout_shoals, serial_shops, shop
Shoals:3: layout_shoals
Shoals:4: shoals_end_grunt_ice, layout_shoals, gammafunk_ghost_grave, uniq_kirke
Spider:1: layout_spider_delve, drop_trap
Spider:2: layout_chambers
Spider:3: layout_chambers, uniq_azrael
Spider:4: grunt_spider_rune_circles
Orc:1:    layout_caves, nicolae_volcano_entry_batcave, uniq_maurice
Orc:2:    st_orc_open, layout_caves, basic_altar
Vaults:1: nicolae_vaults_network_quinsquares
          [nicolae_vaults_network_quincunx_subvault,
          nicolae_vaults_network_quincunx_subvault,
          nicolae_vaults_network_quincunx_subvault,
          nicolae_vaults_network_quincunx_subvault],
          nicolae_vaults_little_squares_5, v_misc_13, v_misc_32,
          nicolae_vaults_little_ls, nicolae_vaults_little_squares_2,
          ontoclasm_vaults_shuriken, nicolae_vaults_diagonal_hallway_8,
          nicolae_vaults_mini_display_case, vaults_room_hallway,
          hangedman_vaults_restitches, vaults_room_door_ring, v_misc_15,
          hangedman_vaults_trim, layout_vaults_omnicross
Vaults:2: v_alt_pattern_6, vaults_mumra_hexcomb, v_misc_30,
          minmay_crypt_entry_skeletal_spiral, nicolae_vaults_alarming,
          grunt_vaults_diagonal, vaults_dpeg_ring, v_pattern_3,
          nicolae_vaults_little_squares_4, vaults_room_octagon,
          layout_vaults_quadrants
Vaults:3: vaults_room_grunt_arrival_ludios, nicolae_vaults_network_s,
          vaults_room_pools, hangedman_vaults_hat,
          nicolae_vaults_border_crossing, v_alt_pattern_6,
          vaults_room_door_ring, nicolae_vaults_inception_scallops,
          nicolae_vaults_circle_grid_b, kb_rosetta, vaults_dpeg_encased_lava,
          v_misc_18, vaults_room_pool, ontoclasm_vaults_ring_large,
          layout_vaults_omnibox
Vaults:4: v_misc_13, vaults_dpeg_spiral, grunt_vaults_funnel, v_misc_30,
          nicolae_vaults_puzzle_piece, vaults_mumra_lcd,
          ontoclasm_vaults_decontamination, v_misc_25,
          nicolae_vaults_little_squares_6, layout_vaults_maze_snakey,
          basic_altar, serial_shops, shop, uniq_boris, uniq_margery, uniq_jory
Vaults:5: serial_shops
Depths:1: layout_honeycomb, chequers_serial_rivers_micro_b,
          hangedman_coc_ice_floe, wad_scary_box
Depths:2: minmay_inside_and_out, layout_twisted_cross, ebering_ghost_xom,
          abyss_entry, grunt_mini_vestibule, minmay_misc_feat_hallway,
          infiniplex_staircase_zigzag_3, uniq_saint_roka
Depths:3: minmay_the_grid_octo_2x2 [minmay_the_grid_octo_concentric,
          minmay_the_grid_octo_focus, minmay_the_grid_octo_thin_diamonds,
          minmay_the_grid_octo_prize_star], layout_cave_pools,
          grunt_pan_entry_spiral, hangedman_abyss_entry_splay, hell_entry,
          minmay_misc_feat_nine_boxes, minivault_1
Abyss:5:  hangedman_abyss_rune_macabre_mess, guppyfry_abyss_exit_glass_guarded
Bazaar:   grunt_bazaar_doublecross
Volcano:  volcano_grotto [vgs_many_chambers]
Gauntlet: minmay_gauntlet_mixed_big_or_small [gammafunk_gauntlet_arena_hedges,
          minmay_gauntlet_arena_77_run_for_it, gammafunk_gauntlet_arena_teeth,
          minmay_gauntlet_arena_77_hold_the_fort,
          gammafunk_gauntlet_arena_corners,
          minmay_gauntlet_arena_77_terracotta_army, gauntlet_exit_green]
